 Dungeon Crawl Stone Soup version 0.22-a0-369-gc73351f (webtiles) character file.

572108 VDreamerV the Sensei (level 27, -1/271 HPs)
             Began as an Octopode Transmuter on Apr 23, 2018.
             Was a High Priest of Cheibriados.
             Killed by divine providence
             ... invoked by a greater mummy
              (14 damage)
             ... on level 3 of the Tomb of the Ancients on Apr 24, 2018.
             The game lasted 05:30:53 (55469 turns).

VDreamerV the Sensei (Octopode Transmuter)         Turns: 55469, Time: 05:30:53

Health: -1/271     AC: 35    Str: 32    XL:     27
Magic:  42/42      EV: 42    Int: 40    God:    Cheibriados [*****.]
Gold:   6250       SH: 31    Dex: 40    Spells: 22/56 levels left

rFire    + + +     SeeInvis +     - Unarmed
rCold    + + .     Gourm    .   V - +5 large shield
rNeg     + + +     Faith    .   e - +2 hat {MR+}
rPois    ∞         Spirit   .   Z - amulet "Ittufug" {RegenMP *Contam rC+ Int+3 Dex+3}
rElec    +         Reflect  .   d - +5 ring of evasion
rCorr    +         Harm     .   b - ring of False Pretenses {Wiz +Fly rN+++ Str+3 Dex-5}
MR       +++++                  u - +6 ring of strength
Stlth    +++++.....             F - ring of resist corrosion
HPRegen  0.55/turn              v - ring "Epher" {rF+ AC+2 SInv}
MPRegen  0.53/turn              Y - ring "Ufocak" {*Contam rF+++ Int+5 Dex+3}
                                I - ring of protection from magic
                                x - ring of protection from magic

@: statue-form, silence, slowed, studying Transmutations, very slow
A: almost no armour, stealthy swim, amphibious, 8 rings, constrict 8, tentacle
spike 1, rugged brown scales 1, camouflage 1, agile 1, cold resistance 1, wild
magic 1
}: 2/15 runes: decaying, serpentine
a: End Transformation, Renounce Religion, Evoke Flight


You were on level 3 of the Tomb of the Ancients.
You worshipped Cheibriados.
Cheibriados was extremely pleased with you.
You were hungry.
You were a stone statue.
You visited 11 branches of the dungeon, and saw 50 of its levels.
You also visited: Ossuary, Bailey and Ice Cave.

You collected 6435 gold pieces.
You spent 185 gold pieces at shops.

Inventory:

Missiles
 X - 2 javelins of penetration (quivered)
Armour
 e - a +2 hat of magic resistance (worn)
 V - a +5 large shield (worn)
Jewellery
 a - the ring of the Evening {rPois Int+2 SInv}
   (You found it on level 3 of the Elven Halls)

   [ring of poison resistance]

   It affects your intelligence (+2).
   It protects you from poison.
   It lets you see invisible.
 b - the ring of False Pretenses (right tentacle) {Wiz +Fly rN+++ Str+3 Dex-5}
   (You found it on level 5 of the Lair of Beasts)

   [ring of wizardry]

   It improves your spell success rate.
   It affects your strength (+3).
   It affects your dexterity (-5).
   It renders you almost immune to negative energy.
   It lets you fly.
 d - a +5 ring of evasion (left tentacle)
 f - a +5 ring of protection
 g - an uncursed ring of protection from cold
 k - an uncursed ring of wizardry
 s - an uncursed ring of protection from cold
 u - a +6 ring of strength (on tentacle)
 v - the ring "Epher" (on tentacle) {rF+ AC+2 SInv}
   (You found it on level 4 of the Dungeon)

   [ring of protection]

   It affects your AC (+2).
   It protects you from fire.
   It lets you see invisible.
 x - a ring of protection from magic (on tentacle)
 E - a +3 ring of protection
 F - a ring of resist corrosion (on tentacle)
 I - a ring of protection from magic (on tentacle)
 U - a +6 ring of dexterity
 Y - the ring "Ufocak" (on tentacle) {*Contam rF+++ Int+5 Dex+3}
   (You found it on level 2 of the Swamp)

   [ring of dexterity]

   It affects your intelligence (+5).
   It affects your dexterity (+3).
   It renders you almost immune to fire.
   It causes magical contamination when unequipped.
 Z - the amulet "Ittufug" (around mantle) {RegenMP *Contam rC+ Int+3 Dex+3}
   (You found it on level 2 of the Swamp)

   [amulet of magic regeneration]

   It increases your magic regeneration.
   It affects your intelligence (+3).
   It affects your dexterity (+3).
   It protects you from cold.
   It causes magical contamination when unequipped.
Wands
 n - a wand of digging (39)
 t - a wand of paralysis (38)
 w - a wand of enslavement (22)
 y - a wand of iceblast (56)
 z - a wand of acid (21)
 C - a wand of flame (100)
 D - a wand of polymorph (76)
 S - a wand of disintegration (50)
Scrolls
 h - 23 scrolls of teleportation
 j - 11 scrolls of amnesia
 m - 21 scrolls of remove curse
 o - 4 scrolls of fog
 p - a scroll of identify
 A - 2 scrolls of blinking
 B - 2 scrolls of summoning
 H - 7 scrolls of fear
 N - 11 scrolls of magic mapping
 P - a scroll of silence
 W - 2 scrolls of enchant weapon
Potions
 i - 11 potions of curing
 l - 2 potions of invisibility
 q - 9 potions of flight
 r - 2 potions of agility
 G - 9 potions of brilliance
 K - 4 potions of might
 L - a potion of cancellation
 O - 3 potions of resistance
 R - 4 potions of ambrosia
 T - 2 potions of magic
Books
 M - a manual of Transmutations
Comestibles
 c - 90 rations


   Skills:
 + Level 20.4 Fighting
 + Level 20.2 Dodging
 - Level 6.0 Stealth
 + Level 19.1 Shields
 + Level 22.4 Unarmed Combat
 + Level 15.2 Spellcasting
 + Level 13.9 Transmutations
 - Level 4.1 Ice Magic
 - Level 4.0 Air Magic
 - Level 6.0 Earth Magic
 - Level 12.0 Invocations


You had 22 spell levels left.
You knew the following spells:

 Your Spells              Type           Power        Failure   Level  Hunger
a - Blade Hands           Tmut           ########..   1%          5    None
b - Statue Form           Tmut/Erth      #######..    3%          6    None
c - Ice Form              Ice/Tmut       #######.     1%          4    None
d - Ozocubu's Armour      Chrm/Ice       ######..     1%          3    None
e - Airstrike             Air            ######....   2%          4    None
f - Irradiate             Conj/Tmut      #######...   2%          5    None
g - Dragon Form           Tmut           ########..   4%          7    ###....


Dungeon Overview and Level Annotations

Branches:
Dungeon (15/15)            Temple (1/1) D:4            Lair (6/6) D:11
  Swamp (4/4) Lair:2        Snake (4/4) Lair:3        Slime (0/5) Lair:5
    Orc (2/2) D:12            Elf (3/3) Orc:2        Vaults (4/5) D:13
  Crypt (3/3) Vaults:3       Tomb (3/3) Crypt:3      Depths (5/5) D:15
    Zot (0/5) Depths:5

Altars:
Ashenzari
Cheibriados
Dithmenos
Elyvilon
Fedhas
Gozag
Hepliaklqana
Kikubaaqudgha
Makhleb
Nemelex Xobeh
Okawaru
Qazlal
Ru
Sif Muna
Trog
Uskayaw
Vehumet
Wu Jian
Xom
Yredelemnul
Zin
The Shining One
Beogh
Lugonu

Shops:
D:9 [   D:11 [   Orc:2 [(*[   Elf:2 [   Elf:3 *   Snake:3 ?%(!   Snake:4 ?
Vaults:2 [:**   Vaults:3 [   Vaults:4 [   Depths:1 ?%?%

Portals:
Hell: Depths:1 Depths:2 Depths:3 Depths:4 Depths:5
Abyss: Depths:2 Depths:4
Pandemonium: Depths:2 Depths:3 Depths:5
Ziggurat: Depths:3

Annotations:
Lair:5 exclusion: 4 oklob plants


Innate Abilities, Weirdness & Mutations

You cannot wear most types of armour.
You are very stealthy in the water. (Stealth+)
You are amphibious.
You can wear up to eight rings at the same time.
You can use your tentacles to constrict eight enemies at once.
Your skin changes colour to match your surroundings (Stealth+).
((Your rubbery body absorbs attacks. (AC +1, EV +1)))
One of your tentacles bears a spike.
(You are partially covered in rugged brown scales. (AC +1, +3% HP))
You are agile. (Dex +2)
Your flesh is cold resistant. (rC+)
Your spells are a little harder to cast, but a little more powerful.


Message History

You block the skeletal warrior's attack.
The greater mummy misses you.
The emperor scorpion completely misses you.
You block the emperor scorpion's attack.
The emperor scorpion completely misses you.
You block the guardian mummy's attack. The revenant completely misses you.
You block the guardian mummy's attack.
The greater mummy hits you but does no damage.
The guardian mummy misses you.
You block the emperor scorpion's attack.
The emperor scorpion barely misses you. The emperor scorpion misses you.
The skeletal warrior barely misses you.
The revenant hits you but does no damage.
A mummy comes into view.
You feel much better.
You are engulfed in spectral mist.
* * * LOW HITPOINT WARNING * * *
You constrict the greater mummy!!
The greater mummy gestures at you while chanting.
Something smites you!
You die...

......M. ...
#......# ...
#......# ..
..#....M(#M.
.M#....MM#M


.'M..MMss #..MsLM# #...zM8# #....Ms# #......# #.....)# #......# ######## You
could see 2 greater mummies, 4 emperor scorpions, a revenant, 4 mummy priests, a
skeletal warrior, 5 guardian mummies and 3 mummies.

Vanquished Creatures
  Mennas (Tomb:2)
  A juggernaut (Depths:4)
  4 ancient liches
  6 greater mummies
  Sojobo (Depths:3)
  Frederick (Depths:3)
  Boris (Depths:3)
  Margery (Vaults:3)
  2 curse toes (Crypt:3)
  Xtahua (Crypt:1)
  5 caustic shrikes
  Nikola (Snake:2)
  3 golden dragons (Depths:5)
  Jory (Depths:3)
  2 bone dragons (Depths:5)
  A shard shrike zombie (Crypt:2)
  2 tentacled monstrosities (Depths:4)
  8 liches
  A titan (Depths:4)
  6 deep elf blademasters
  2 deep elf master archers (Elf:3)
  A quicksilver dragon (Depths:4)
  12 ancient champions
  4 thorn hunters
  3 storm dragons (Depths:4)
  Donald (Snake:3)
  7 sphinxes
  8 nagarajas
  7 tengu reavers
  3 revenants
  5 frost giants
  4 vault wardens
  A draconian scorcher (Depths:5)
  2 ghost moths (Depths:3)
  10 fire giants
  An orc warlord (Bailey)
  5 deep elf sorcerers (Elf:3)
  The ghost of p0werm0de the Champion of Chaos, a journeyman DDFi of Makhleb (Swamp:2)
  A large abomination (Elf:3)
  Aizul (Snake:3)
  Louise (D:15)
  A curse skull (Crypt:1)
  5 deep elf elementalists
  A reaper (Crypt:3)
  A ghoul (Crypt:3)
  5 ironheart preservers
  A war gargoyle (Vaults:4)
  A draconian annihilator (Depths:5)
  21 stone giants
  32 very ugly things
  An entropy weaver (Vaults:3)
  3 spriggan defenders
  6 bennus
  Nessos (D:12)
  The ghost of Uberwunderbarhen the Grappler, a journeyman TrMo of Qazlal (D:13)
  3 deep elf demonologists
  12 vampire knights
  A lorocyproca (Depths:2)
  A green draconian (Depths:5)
  11 deep elf annihilators
  A red draconian (Depths:5)
  A yellow draconian (Depths:5)
  2 spark wasps (Depths:4)
  A white draconian (Depths:5)
  3 black draconians (Depths:5)
  The ghost of p0werm0de the Cleaver, a journeyman DDFi of Makhleb (Orc:1)
  21 ettins
  A minotaur (Depths:4)
  15 mummy priests
  3 eidola (Crypt:3)
  2 deep elf high priests (Elf:3)
  9 fire dragons
  8 deep elf death magi
  6 jiangshi
  6 great orbs of eyes
  The ghost of whitenoisemaker the Blocker, a journeyman DrTm of Ashenzari (Orc:2)
  Josephine (D:11)
  14 naga warriors
  8 yaktaur captains
  7 rakshasas
  3 vault guards
  6 ice dragons
  A quicksilver dragon skeleton (Crypt:2)
  7 anacondas
  6 spriggan air magi
  13 ogre magi
  21 hydras
  39 two-headed ogres
  3 catoblepae (Lair:6)
  10 alligators
  2 death knights
  12 centaur warriors
  2 ghost crabs (Swamp:2)
  22 dancing weapons
  24 death scarabs (Tomb:3)
  12 deep troll earth magi
  18 death yaks
  16 naga sharpshooters
  7 deep troll shamans
  8 vampire magi
  8 tengu warriors
  3 spriggan berserkers
  6 shock serpents
  3 orc high priests (Orc:2)
  6 soul eaters
  10 shadow wraiths
  2 small abominations (Elf:3)
  20 skeletal warriors
  20 deep elf knights
  29 hell knights
  A salamander mystic (Depths:4)
  A sea snake (Snake:1)
  3 iron trolls
  2 unseen horrors (shapeshifter)
  A storm dragon skeleton (Tomb:2)
  10 flayed ghosts
  12 swamp dragons (Swamp:4)
  2 anaconda zombies
  The ghost of Nib the Sneak, a novice OpFi of Gozag (D:7)
  21 deep trolls
  4 naga ritualists
  A swamp dragon (shapeshifter) (D:13)
  2 unseen horrors
  14 deep elf archers
  A golden dragon zombie (Crypt:1)
  2 shambling mangroves
  10 phantasmal warriors
  An anaconda skeleton (Crypt:2)
  8 ironbrand convokers
  3 wolf spider zombies
  7 mana vipers
  8 wizards
  6 glowing orange brains
  A harpy (Vaults:2)
  A golden dragon skeleton (Crypt:2)
  A harpy (shapeshifter) (Elf:1)
  12 necromancers
  17 orc knights
  A shadow dragon skeleton (Tomb:1)
  2 wolf spiders (shapeshifter)
  5 orc sorcerers
  64 ugly things
  15 salamanders
  2 fauns (shapeshifter)
  2 wolf spiders
  61 deep elf magi
  6 cyclopes
  An iron dragon skeleton (Crypt:1)
  5 manticores
  7 centaur zombies
  27 black mambas
  A salamander (shapeshifter) (Elf:2)
  14 elephants
  2 guardian serpents
  2 ice statues (IceCv)
  2 guardian serpents (shapeshifter)
  A rust devil (Depths:5)
  33 naga magi
  Joseph (D:8)
  A smoke demon (Depths:2)
  A stone giant skeleton (Crypt:2)
  A fire giant skeleton (Depths:3)
  2 shock serpent zombies
  11 vault sentinels
  A death yak zombie (Crypt:1)
  2 spriggan zombies
  5 gargoyles
  An elephant (shapeshifter) (Vaults:2)
  A shock serpent skeleton (Crypt:2)
  A pale draconian zombie (Crypt:1)
  19 spiny frogs
  An iron troll zombie (Crypt:2)
  A centaur skeleton (D:15)
  39 yaktaurs
  6 komodo dragons
  A yaktaur (shapeshifter) (Depths:2)
  14 freezing wraiths
  42 guardian mummies
  A hydra zombie (Crypt:1)
  3 tengu conjurers
  4 meliai
  10 trolls
  A jumping spider (shapeshifter) (Vaults:1)
  A wind drake (shapeshifter) (Vaults:2)
  12 hornets
  A polar bear (Lair:3)
  6 tyrant leeches
  Prince Ribbit (D:9)
  2 hydra skeletons
  A blink frog (shapeshifter) (Vaults:4)
  A polar bear (shapeshifter) (Vaults:1)
  An alligator zombie (Crypt:1)
  21 blink frogs
  11 bog bodies
  35 slime creatures
  A slime creature (shapeshifter) (Vaults:2)
  12 hippogriffs
  A fire dragon zombie (Crypt:2)
  A fire dragon skeleton (Crypt:3)
  13 shadows
  24 flying skulls
  2 redbacks (Vaults:3)
  15 spriggans
  4 air elementals (Elf:1)
  7 wyverns
  A black mamba zombie (Crypt:1)
  An ettin skeleton (Tomb:1)
  14 wraiths
  Sigmund (D:3)
  6 ushabtiu
  5 water elementals
  3 hungry ghosts
  A black mamba skeleton (Crypt:1)
  41 yaks
  Eustachio (D:5)
  2 fire elementals
  24 vampire mosquitoes
  A yaktaur simulacrum (Vaults:3)
  A golden eye (shapeshifter) (D:15)
  2 humans (D:8)
  A steam dragon (Lair:4)
  4 basilisks
  5 wargs
  6 insubstantial wisps (Lair:2)
  2 monstrous demonspawn zombies (Crypt:1)
  Menkaure (D:6)
  45 nagas
  14 swamp worms
  A torturous demonspawn skeleton (Crypt:3)
  5 water moccasins
  3 acid dragons
  15 porcupines
  20 ice beasts
  A spiny frog zombie (Crypt:2)
  37 orc warriors
  10 swamp drakes
  A spiny frog skeleton (Crypt:1)
  2 sky beasts
  A manticore zombie (Crypt:1)
  2 ettin simulacra
  An eye of draining (D:14)
  5 black bears
  26 ogres
  2 dream sheep skeletons
  9 centaurs
  A wolf (shapeshifter) (Depths:1)
  3 phantoms
  7 boggarts
  7 wolves
  3 necrophages
  14 crocodiles
  A crocodile (shapeshifter) (Depths:5)
  18 bullfrogs
  A big kobold (shapeshifter) (Vaults:4)
  4 elf zombies
  A big kobold (D:11)
  A wyvern zombie (D:10)
  A cyclops zombie (Crypt:3)
  5 earth elementals
  A wyvern skeleton (D:11)
  A raiju zombie (Crypt:3)
  5 scorpions
  52 killer bees
  12 wights
  6 howler monkeys
  6 crimson imps
  2 bullfrog zombies
  3 hounds
  4 jellies
  10 orc priests
  A bullfrog skeleton (D:10)
  A human skeleton (Crypt:2)
  17 orc wizards
  6 iguanas
  A black bear skeleton (Crypt:2)
  A gnoll shaman (D:5)
  A hell rat (D:11)
  12 worker ants
  A tengu zombie (Crypt:3)
  A hound zombie (D:6)
  2 hound skeletons
  27 mummies
  A howler monkey zombie (D:4)
  A worker ant zombie (D:5)
  25 gnolls
  A steam dragon zombie (Crypt:3)
  12 adders
  2 river rats (D:11)
  A shadow imp (D:13)
  An adder skeleton (D:5)
  An adder zombie (Ossuary)
  4 worms
  3 dart slugs
  5 leopard geckos
  84 orcs
  2 ball pythons
  7 giant cockroaches
  19 hobgoblins
  8 jackals
  7 quokkas
  A ball python skeleton (Crypt:3)
  10 bats
  8 frilled lizards
  29 goblins
  A goblin skeleton (D:3)
  4 hobgoblin zombies (Ossuary)
  11 kobolds
  A leopard gecko skeleton (D:5)
  An orc zombie (Ossuary)
  A quokka zombie (D:7)
  11 rats
  A rat zombie (Ossuary)
  A river rat skeleton (Crypt:2)
  2 butterflies
2265 creatures vanquished.

Vanquished Creatures (others)
  A lich (Tomb:2)
  An ancient champion (Tomb:2)
  29 death scarabs
  A deep elf knight (Vaults:3)
  A skeletal warrior (Tomb:2)
  A deep troll (Depths:3)
  A golden dragon skeleton (Tomb:2)
  A necromancer (Depths:5)
  A fire giant skeleton (Tomb:2)
  A frost giant skeleton (Tomb:3)
  A wolf spider simulacrum (Tomb:3)
  An ice dragon zombie (Tomb:2)
  6 flying skulls
  An ice dragon skeleton (Tomb:2)
  2 water elementals (Depths:5)
  3 insubstantial wisps (Swamp:2)
  A human zombie (Tomb:2)
  An orc priest (Orc:2)
  5 mummies
  A hobgoblin zombie (Ossuary)
  An orc zombie (Ossuary)
  11 bushes (Lair:5)
  8 fungi
  15 plants
  4 toadstools (Swamp:1)
99 creatures vanquished.

Grand Total: 2364 creatures vanquished

Notes
Turn   | Place    | Note
-------+----------+-------------------------------------------
     0 | D:1      | VDreamerV the Octopode Transmuter began the quest for the Orb.
     0 | D:1      | Reached XP level 1. HP: 13/13 MP: 3/3
   130 | D:1      | Reached XP level 2. HP: 18/18 MP: 3/5
   430 | D:1      | Reached XP level 3. HP: 12/23 MP: 4/6
  1480 | D:2      | Found an opulent altar of Gozag.
  1503 | D:2      | Reached XP level 4. HP: 16/28 MP: 7/7
  1509 | D:2      | Learned a level 4 spell: Ice Form
  1655 | D:2      | Found a snail-covered altar of Cheibriados.
  1657 | D:2      | Noticed a hungry ghost
  1659 | D:2      | Found a transporter.
  1659 | D:2      | Noticed a bullfrog
  1667 | D:2      | Noticed a centaur
  1668 | D:2      | Found a transporter.
  1743 | D:2      | Found a glowing golden altar of the Shining One.
  1771 | D:2      | Became a worshipper of the Shining One
  2081 | D:2      | Reached skill level 1 in Ice Magic
  2242 | D:2      | Reached XP level 5. HP: 30/33 MP: 8/8
  2260 | D:2      | Learned a level 3 spell: Spider Form
  2488 | D:2      | Found a burning altar of Makhleb.
  2489 | D:2      | Found an iron altar of Okawaru.
  2634 | D:3      | Noticed Sigmund
  2646 | D:3      | Killed Sigmund
  2646 | D:3      | Reached skill level 5 in Transmutations
  2646 | D:3      | Reached XP level 6. HP: 34/38 MP: 9/9
  2692 | D:3      | Found a bloodstained altar of Trog.
  3129 | D:3      | Found a sacrificial altar of Ru.
  3166 | D:3      | Found a runed door.
  3166 | D:3      | Noticed a human
  3171 | D:3      | Found a basalt altar of Yredelemnul.
  3376 | D:4      | Found a sand-covered staircase.
  3399 | Ossuary  | Entered an ossuary
  3399 | Ossuary  | Reached * piety under the Shining One
  3418 | Ossuary  | HP: 2/45 [elf zombie (2)]
  3486 | Ossuary  | Reached XP level 7. HP: 10/43 MP: 10/10
  3766 | Ossuary  | Reached ** piety under the Shining One
  4131 | D:4      | Found a deep blue altar of Sif Muna.
  4284 | D:4      | Reached skill level 4 in Unarmed Combat
  4973 | D:4      | Reached XP level 8. HP: 35/48 MP: 11/11
  4991 | D:4      | Got a coiled iron ring
  4996 | D:4      | Identified the ring "Epher" {rF+ AC+2 SInv} (You found it on level 4 of the Dungeon)
  5014 | D:4      | Found a staircase to the Ecumenical Temple.
  5036 | D:4      | Found a glowing silver altar of Zin.
  5037 | D:4      | Noticed an angel
  5038 | D:4      | Found a shimmering altar of Xom.
  5064 | Temple   | Entered the Ecumenical Temple
  5473 | D:2      | Gained mutation: You are frail. (-10% HP) [potion of mutation]
  5473 | D:2      | Gained mutation: Your mind is acute. (Int +2) [potion of mutation]
  5474 | D:2      | Lost mutation: Your mind is acute. (Int +2) [potion of mutation]
  5474 | D:2      | Lost mutation: You are frail. (-10% HP) [potion of mutation]
  5474 | D:2      | Gained mutation: You are dopey. (Int -2) [potion of mutation]
  5474 | D:2      | Gained mutation: You are partially covered in thin metallic scales. (AC +2) [potion of mutation]
  5474 | D:2      | Gained mutation: Your spells are a little harder to cast, but a little more powerful. [potion of mutation]
  5475 | D:2      | Lost mutation: You are partially covered in thin metallic scales. (AC +2) [potion of mutation]
  5475 | D:2      | Lost mutation: You are dopey. (Int -2) [potion of mutation]
  5475 | D:2      | Gained mutation: You have an increased reservoir of magic. (+10% MP) [potion of mutation]
  5475 | D:2      | Gained mutation: You do not regenerate when monsters are visible. [potion of mutation]
  5475 | D:2      | Gained mutation: You expend magic power (3 MP) to strengthen your wands. [potion of mutation]
  5476 | D:2      | Lost mutation: Your spells are a little harder to cast, but a little more powerful. [potion of mutation]
  5476 | D:2      | Lost mutation: You do not regenerate when monsters are visible. [potion of mutation]
  5476 | D:2      | Lost mutation: You expend magic power (3 MP) to strengthen your wands. [potion of mutation]
  5476 | D:2      | Gained mutation: You expend magic power (3 MP) to strengthen your wands. [potion of mutation]
  5476 | D:2      | Gained mutation: You are robust. (+10% HP) [potion of mutation]
  5476 | D:2      | Gained mutation: You possess an exceptional clarity of mind. [potion of mutation]
  5476 | D:2      | Gained mutation: You are partially covered in slimy green scales. (AC +2) [potion of mutation]
  5574 | D:2      | Reached skill level 5 in Unarmed Combat
  5621 | D:2      | Fell from the grace of the Shining One
  5621 | D:2      | Became a worshipper of Cheibriados the Contemplative
  5727 | D:5      | Entered Level 5 of the Dungeon
  5752 | D:5      | Reached skill level 6 in Unarmed Combat
  6038 | D:5      | Reached skill level 1 in Invocations
  6039 | D:5      | Noticed Eustachio
  6042 | D:5      | Killed Eustachio
  6042 | D:5      | Reached XP level 9. HP: 44/59 MP: 13/13
  6236 | D:5      | Reached * piety under Cheibriados
  6327 | D:5      | Found a shadowy altar of Dithmenos.
  6531 | D:6      | Learned a level 5 spell: Blade Hands
  6577 | D:6      | Noticed Menkaure
  7206 | D:6      | Killed Menkaure
  7325 | D:7      | Noticed a hand axe
  7325 | D:7      | Noticed a dagger
  7338 | D:7      | Found a hide-covered altar of Uskayaw.
  7349 | D:7      | Reached skill level 7 in Unarmed Combat
  7549 | D:7      | Found a white marble altar of Elyvilon.
  7630 | D:7      | Noticed Nib's ghost (novice OpFi)
  7637 | D:7      | Reached ** piety under Cheibriados
  7653 | D:7      | Killed Nib's ghost
  7653 | D:7      | Reached XP level 10. HP: 20/71 MP: 17/17
  8140 | D:8      | Reached skill level 5 in Dodging
  8161 | D:8      | Found an iron altar of Okawaru.
  8213 | D:8      | Reached skill level 5 in Invocations
  8374 | D:8      | Noticed a two-headed ogre
  8386 | D:8      | Killed a two-headed ogre
  8386 | D:8      | Reached skill level 5 in Fighting
  8386 | D:8      | Reached skill level 8 in Unarmed Combat
  8702 | D:8      | Learned a level 3 spell: Ozocubu's Armour
  8730 | D:8      | Noticed Joseph
  8741 | D:8      | Killed Joseph
  9150 | D:8      | Reached *** piety under Cheibriados
  9340 | D:9      | Lost mutation: You are partially covered in slimy green scales. (AC +2) [potion of mutation]
  9340 | D:9      | Lost mutation: You possess an exceptional clarity of mind. [potion of mutation]
  9340 | D:9      | Gained mutation: You can translocate small distances at will. [potion of mutation]
  9340 | D:9      | Gained mutation: Your muscles are strong. (Str +2) [potion of mutation]
  9341 | D:9      | Lost mutation: Your muscles are strong. (Str +2) [potion of mutation]
  9341 | D:9      | Gained mutation: You are partially covered in rugged brown scales. (AC +1, +3% HP) [potion of mutation]
  9341 | D:9      | Gained mutation: You have a pair of small antennae on your head. [potion of mutation]
  9341 | D:9      | Gained mutation: You are somewhat resistant to further mutation. [potion of mutation]
  9342 | D:9      | Lost mutation: You have an increased reservoir of magic. (+10% MP) [potion of mutation]
  9342 | D:9      | Gained mutation: Your mind is acute. (Int +2) [potion of mutation]
  9343 | D:9      | Lost mutation: Your mind is acute. (Int +2) [potion of mutation]
  9343 | D:9      | Lost mutation: You expend magic power (3 MP) to strengthen your wands. [potion of mutation]
  9343 | D:9      | Lost mutation: You are robust. (+10% HP) [potion of mutation]
  9353 | D:9      | Noticed Prince Ribbit
  9367 | D:9      | Killed Prince Ribbit
  9367 | D:9      | Reached skill level 5 in Spellcasting
  9415 | D:9      | Found Etsimouz's Armour Shoppe.
  9442 | D:9      | Reached XP level 11. HP: 74/74 MP: 18/18
  9717 | D:10     | Entered Level 10 of the Dungeon
 10096 | D:10     | Noticed a deep elf mage
 10103 | D:10     | Killed a deep elf mage
 10244 | D:10     | Noticed a brown ugly thing
 10717 | D:11     | Noticed a tengu warrior
 10717 | D:11     | Noticed a tengu warrior
 10723 | D:11     | Noticed a cyclops
 10726 | D:10     | Killed a tengu warrior
 11076 | D:11     | Reached skill level 9 in Unarmed Combat
 11077 | D:11     | Noticed a four-headed hydra
 11113 | D:11     | Reached **** piety under Cheibriados
 11117 | D:11     | Noticed Josephine
 11126 | D:11     | Killed Josephine
 11202 | D:11     | Noticed a two-headed ogre
 11210 | D:11     | Killed a four-headed hydra
 11212 | D:11     | Noticed a death yak
 11213 | D:11     | Noticed a death yak
 11220 | D:11     | Noticed a death yak
 11223 | D:11     | Killed a death yak
 11236 | D:11     | Killed a death yak
 11242 | D:11     | Killed a death yak
 11242 | D:11     | Reached XP level 12. HP: 74/83 MP: 21/21
 11344 | D:11     | Killed a two-headed ogre
 11510 | D:11     | Reached ***** piety under Cheibriados
 11515 | D:11     | Found a staircase to the Lair.
 11565 | D:11     | Lost mutation: You can translocate small distances at will. [potion of mutation]
 11565 | D:11     | Lost mutation: You are somewhat resistant to further mutation. [potion of mutation]
 11565 | D:11     | Lost mutation: You have a pair of small antennae on your head. [potion of mutation]
 11565 | D:11     | Gained mutation: You are partially covered in large bone plates. (SH +4) [potion of mutation]
 11565 | D:11     | Gained mutation: You are resistant to hostile enchantments. (MR+) [potion of mutation]
 11565 | D:11     | Gained mutation: You have supernaturally acute eyesight. (SInv) [potion of mutation]
 11565 | D:11     | Gained mutation: You are somewhat resistant to further mutation. [potion of mutation]
 11638 | D:11     | Found Uweplo's Antique Armour Shop.
 11932 | D:11     | Killed a tengu warrior
 12497 | D:11     | Reached skill level 10 in Unarmed Combat
 12582 | Lair:1   | Entered Level 1 of the Lair of Beasts
 12843 | Lair:1   | Noticed a six-headed hydra
 12856 | Lair:1   | Killed a six-headed hydra
 14157 | Lair:2   | Reached ****** piety under Cheibriados
 14163 | Lair:2   | Found a staircase to the Swamp.
 14250 | Lair:2   | Reached XP level 13. HP: 91/91 MP: 24/24
 14569 | Lair:3   | Found a staircase to the Snake Pit.
 15987 | Lair:4   | Reached skill level 10 in Invocations
 15996 | Lair:4   | Found a frozen archway.
 16007 | Lair:4   | Reached skill level 11 in Unarmed Combat
 16073 | IceCv    | Entered an ice cave
 16101 | IceCv    | Found a transporter.
 17187 | Lair:5   | HP: 3/110 [blink frog (17)]
 17254 | Lair:5   | Reached skill level 10 in Dodging
 17508 | Lair:5   | Learned a level 4 spell: Airstrike
 17538 | Lair:5   | Reached XP level 14. HP: 100/100 MP: 23/26
 17574 | Lair:5   | Reached skill level 1 in Air Magic
 17628 | Lair:5   | Learned a level 4 spell: Summon Ice Beast
 17885 | Lair:5   | Reached skill level 10 in Fighting
 19155 | Lair:5   | Found a staircase to the Slime Pits.
 19660 | Lair:5   | Got a wavering bone ring
 19667 | Lair:5   | Identified the ring of False Pretenses {Wiz +Fly rN+++ Str+3 Dex-5} (You found it on level 5 of the Lair of Beasts)
 19905 | Lair:6   | Entered Level 6 of the Lair of Beasts
 20156 | Lair:6   | Reached skill level 12 in Unarmed Combat
 20711 | D:12     | Noticed Nessos
 20736 | D:12     | Killed Nessos
 21185 | D:12     | Found a staircase to the Orcish Mines.
 21202 | D:12     | Found a roughly hewn altar of Beogh.
 21552 | D:13     | Got a brightly glowing lead ring
 21554 | D:13     | Identified the ring "Senn" {Int+2 Dex-4 Slay+3 Stlth+} (You found it on level 13 of the Dungeon)
 21572 | D:13     | Found a gate to the Vaults.
 21579 | D:13     | Reached XP level 15. HP: 55/108 MP: 24/28
 21600 | D:13     | Found a flagged portal.
 21656 | D:13     | Got a crystal hand axe
 21659 | Bailey   | Entered a bailey
 22152 | Bailey   | Noticed an orc warlord
 22176 | Bailey   | Killed an orc warlord
 22176 | Bailey   | Reached skill level 10 in Spellcasting
 22748 | D:13     | Found a white marble altar of Elyvilon.
 23145 | D:13     | Noticed Uberwunderbarhen's ghost (journeyman TrMo)
 23151 | D:13     | Killed Uberwunderbarhen's ghost
 23753 | D:14     | Reached skill level 1 in Stealth
 25063 | D:15     | Entered Level 15 of the Dungeon
 25063 | D:15     | Noticed Louise
 25069 | D:14     | Identified 2 scrolls of acquirement
 25071 | D:14     | Identified Voeb's Catalogue of Transmutation and Confrontation (You acquired it on level 14 of the Dungeon)
 25085 | D:14     | Learned a level 5 spell: Irradiate
 25092 | D:14     | Learned a level 6 spell: Statue Form
 25504 | D:15     | Reached skill level 1 in Shields
 25711 | Orc:1    | Entered Level 1 of the Orcish Mines
 25717 | Orc:1    | Noticed p0werm0de's ghost (journeyman DDFi)
 25744 | Orc:1    | Killed p0werm0de's ghost
 25953 | Orc:2    | Entered Level 2 of the Orcish Mines
 25953 | Orc:2    | Found a roughly hewn altar of Beogh.
 26003 | Orc:2    | Found a staircase to the Elven Halls.
 26157 | Orc:2    | Noticed whitenoisemaker's ghost (journeyman DrTm)
 26170 | Orc:2    | Killed whitenoisemaker's ghost
 26170 | Orc:2    | Reached skill level 1 in Earth Magic
 26571 | Orc:2    | Reached skill level 13 in Unarmed Combat
 26571 | Orc:2    | Reached XP level 16. HP: 117/117 MP: 4/30
 26573 | Orc:2    | Reached skill level 5 in Stealth
 26592 | Orc:2    | Found Pyeclew's Antique Armour Shoppe.
 26592 | Orc:2    | Found Toeteriy's Armour Boutique.
 26598 | Orc:2    | Found Xekheagg's Antique Weapon Shoppe.
 26598 | Orc:2    | Found Bareps's Assorted Antiques.
 28094 | D:15     | Found a stormy altar of Qazlal.
 28099 | D:15     | Found a staircase to the Depths.
 30021 | Swamp:1  | Entered Level 1 of the Swamp
 30176 | Swamp:1  | Noticed a thorn hunter
 30186 | Swamp:1  | Killed a thorn hunter
 30885 | Swamp:2  | Noticed a thorn hunter
 30890 | Swamp:2  | Killed a thorn hunter
 30890 | Swamp:2  | Reached skill level 5 in Shields
 30977 | Swamp:2  | Found a transporter.
 31353 | Swamp:2  | Found a transporter.
 31399 | Swamp:2  | Noticed p0werm0de's ghost (journeyman DDFi)
 31413 | Swamp:2  | Killed p0werm0de's ghost
 31413 | Swamp:2  | Reached XP level 17. HP: 102/123 MP: 27/32
 31764 | Swamp:2  | Identified the Volume of the Rocks
 31768 | Swamp:2  | Got a flickering glass ring
 31770 | Swamp:2  | Identified the ring "Ufocak" {*Contam rF+++ Int+5 Dex+3} (You found it on level 2 of the Swamp)
 31785 | Swamp:2  | Got a heavily runed lead amulet
 31787 | Swamp:2  | Identified the amulet "Ittufug" {RegenMP *Contam rC+ Int+3 Dex+3} (You found it on level 2 of the Swamp)
 31895 | Swamp:3  | Reached skill level 10 in Transmutations
 31909 | Swamp:3  | Learned a level 7 spell: Dragon Form
 31932 | Swamp:3  | Found a glowing golden altar of the Shining One.
 32424 | Swamp:4  | Entered Level 4 of the Swamp
 32806 | Swamp:4  | Reached skill level 5 in Earth Magic
 32886 | Swamp:4  | Got a decaying rune of Zot
 33636 | Snake:1  | Entered Level 1 of the Snake Pit
 33821 | Snake:1  | Reached skill level 14 in Unarmed Combat
 34372 | Snake:1  | Reached skill level 10 in Shields
 34487 | Snake:2  | Reached XP level 18. HP: 131/131 MP: 33/33
 34779 | Snake:2  | Noticed Nikola
 34786 | Snake:2  | Killed Nikola
 35353 | Snake:3  | Noticed Aizul
 35360 | Snake:3  | Killed Aizul
 35444 | Snake:3  | Found Jejurch Yczoi's Antique Weapon Boutique.
 35454 | Snake:3  | Found Yrete's Magic Scroll Boutique.
 35459 | Snake:3  | Found Ytayl's Distillery.
 35462 | Snake:3  | Found Rileret's Food Boutique.
 35618 | Snake:3  | Noticed Donald
 35622 | Snake:3  | Killed Donald
 35624 | Snake:3  | Got a twisted shield
 35635 | Snake:3  | Identified the -7 shield of the Sun {rElec rPois Str+2 Int-3} (You took it off Donald on level 3 of the Snake Pit)
 35751 | Snake:4  | Entered Level 4 of the Snake Pit
 36104 | Snake:4  | Reached XP level 19. HP: 78/139 MP: 34/34
 36369 | Snake:4  | Got a serpentine rune of Zot
 36381 | Snake:4  | Reached skill level 15 in Unarmed Combat
 36492 | Snake:4  | Found Zumaenk's Magic Scroll Shop.
 37429 | Vaults:1 | Entered Level 1 of the Vaults
 38526 | Vaults:2 | Found Coixtuca's Antique Armour Boutique.
 38952 | Vaults:2 | Found Offauv's Book Emporium.
 39500 | Vaults:2 | Found Bashroupt's Assorted Antiques.
 39541 | Vaults:2 | Found Niwiagro's General Store.
 39641 | Vaults:3 | Reached XP level 20. HP: 148/148 MP: 36/36
 40064 | Vaults:3 | Found a staircase to the Crypt.
 40129 | Vaults:3 | Noticed Margery
 40133 | Vaults:3 | Killed Margery
 40133 | Vaults:3 | Reached skill level 15 in Fighting
 40189 | Vaults:3 | Reached skill level 16 in Unarmed Combat
 40397 | Vaults:3 | Found Qoom's Antique Armour Shop.
 40405 | Vaults:3 | Bought a hat for 80 gold pieces
 41152 | Vaults:4 | Reached skill level 15 in Shields
 41314 | Vaults:4 | Found Leziazuu's Antique Armour Shop.
 41528 | Vaults:4 | Reached skill level 15 in Dodging
 42351 | Elf:1    | Entered Level 1 of the Elven Halls
 42432 | Elf:1    | Reached XP level 21. HP: 157/157 MP: 32/37
 43533 | Elf:2    | Found a runed gate.
 43533 | Elf:2    | Found a runed gate.
 43533 | Elf:2    | Found a runed gate.
 43656 | Elf:2    | Found Korghos's Armour Shop.
 43663 | Elf:2    | Got a smoking platinum ring
 43664 | Elf:2    | Identified the ring "Diem" {+Fly rPois} (You found it on level 2 of the Elven Halls)
 43921 | Elf:2    | Reached skill level 17 in Unarmed Combat
 44539 | D:15     | Killed Louise
 44566 | Depths:1 | Entered Level 1 of the Depths
 44745 | Depths:1 | Found a gateway to Hell.
 44762 | Depths:1 | Reached XP level 22. HP: 166/166 MP: 38/38
 44767 | Depths:1 | Found Famoseigu's Food Boutique.
 45087 | Depths:1 | Found Qushy's Food Boutique.
 45107 | Depths:1 | Found Leorgh's Magic Scroll Shop.
 45131 | Depths:1 | Found Neklam's Magic Scroll Emporium.
 45138 | Depths:1 | Bought a scroll of enchant armour for 105 gold pieces
 45434 | Depths:2 | Reached skill level 18 in Unarmed Combat
 45850 | Depths:2 | Found a one-way gate leading to the halls of Pandemonium.
 46221 | Depths:2 | Found a one-way gate to the infinite horrors of the Abyss.
 46480 | Depths:3 | Noticed a caustic shrike
 46481 | Depths:3 | Killed a caustic shrike
 46483 | Depths:3 | Noticed a caustic shrike
 46484 | Depths:3 | Noticed a caustic shrike
 46485 | Depths:3 | Killed a caustic shrike
 46487 | Depths:3 | Killed a caustic shrike
 46487 | Depths:3 | Reached skill level 19 in Unarmed Combat
 46487 | Depths:3 | Reached XP level 23. HP: 174/174 MP: 39/39
 46539 | Depths:3 | Noticed Boris
 46549 | Depths:3 | Killed Boris
 46629 | Depths:3 | Found a gateway to a ziggurat.
 46744 | Depths:3 | Noticed Frederick
 46752 | Depths:3 | Killed Frederick
 46758 | Depths:3 | Noticed Sojobo
 46772 | Depths:3 | Killed Sojobo
 47108 | Depths:3 | Noticed Jory
 47122 | Depths:3 | Killed Jory
 47428 | Depths:4 | Reached skill level 20 in Unarmed Combat
 47833 | Depths:4 | Reached XP level 24. HP: 183/183 MP: 39/39
 47856 | Depths:4 | Noticed a caustic shrike
 47976 | Depths:4 | Noticed a juggernaut
 47981 | Depths:4 | Killed a juggernaut
 48017 | Depths:4 | Killed a caustic shrike
 48104 | Depths:4 | Noticed a caustic shrike
 48106 | Depths:4 | Killed a caustic shrike
 48144 | Depths:4 | Found a corrupted altar of Lugonu.
 48680 | Depths:3 | Got a crystal quarterstaff
 48684 | Depths:3 | Identified the +4 quarterstaff "Wefupozi" {crush, *Slow rElec Dex+8} (You found it on level 3 of the Depths)
 48706 | Depths:5 | Entered Level 5 of the Depths
 48848 | Depths:5 | Reached skill level 21 in Unarmed Combat
 48851 | Depths:5 | Found a gate to the Realm of Zot.
 48937 | Depths:5 | Reached XP level 25. HP: 190/190 MP: 39/40
 49046 | Depths:5 | Upgraded the game from 0.22-a0-368-g870eee8 to 0.22-a0-369-gc73351f
 50043 | D:10     | Got a brightly glowing turquoise ring
 50049 | D:10     | Identified the ring "Nomyar" {rPois Slay+1} (You found it on level 10 of the Dungeon)
 50240 | Elf:3    | Entered Level 3 of the Elven Halls
 50372 | Elf:3    | Found Geufeubu's General Store.
 50619 | Elf:3    | Identified Sif Muna's Reference Book on Unstable Ice
 50641 | Elf:3    | Identified the Disquisition on the Blistering Frostbite
 50719 | Elf:3    | Got a smoking granite ring
 50728 | Elf:3    | Identified the ring of the Evening {rPois Int+2 SInv} (You found it on level 3 of the Elven Halls)
 50999 | Elf:3    | Found the distressingly furry robe
 51186 | Elf:3    | Lost mutation: You are partially covered in large bone plates. (SH +4) [potion of mutation]
 51186 | Elf:3    | Lost mutation: You have supernaturally acute eyesight. (SInv) [potion of mutation]
 51186 | Elf:3    | Lost mutation: You are partially covered in rugged brown scales. (AC +1, +3% HP) [potion of mutation]
 51187 | Elf:3    | Lost mutation: You are resistant to hostile enchantments. (MR+) [potion of mutation]
 51188 | Elf:3    | Lost mutation: You are somewhat resistant to further mutation. [potion of mutation]
 51188 | Elf:3    | Gained mutation: You passively map a small area around you. [potion of mutation]
 51188 | Elf:3    | Gained mutation: One of your tentacles bears a spike. [potion of mutation]
 51188 | Elf:3    | Gained mutation: You tend to lose your temper in combat. [potion of mutation]
 51188 | Elf:3    | Lost mutation: You tend to lose your temper in combat. [potion of mutation]
 51189 | Elf:3    | Lost mutation: One of your tentacles bears a spike. [potion of mutation]
 51189 | Elf:3    | Lost mutation: You passively map a small area around you. [potion of mutation]
 51189 | Elf:3    | Gained mutation: You evolve. [potion of mutation]
 51189 | Elf:3    | Gained mutation: Your flesh is cold resistant. (rC+) [potion of mutation]
 51190 | Elf:3    | Lost mutation: Your flesh is cold resistant. (rC+) [potion of mutation]
 51190 | Elf:3    | Gained mutation: You are clumsy. (Dex -2) [potion of mutation]
 51190 | Elf:3    | Gained mutation: Your spells are a little harder to cast, but a little more powerful. [potion of mutation]
 51190 | Elf:3    | Gained mutation: Your spells are harder to cast, but more powerful. [potion of mutation]
 51191 | Elf:3    | Lost mutation: Your spells are harder to cast, but more powerful. [potion of mutation]
 51191 | Elf:3    | Lost mutation: You are clumsy. (Dex -2) [potion of mutation]
 51191 | Elf:3    | Lost mutation: You evolve. [potion of mutation]
 51191 | Elf:3    | Gained mutation: One of your tentacles bears a spike. [potion of mutation]
 51191 | Elf:3    | Gained mutation: Your flesh is cold resistant. (rC+) [potion of mutation]
 51191 | Elf:3    | Gained mutation: You are partially covered in rugged brown scales. (AC +1, +3% HP) [potion of mutation]
 51191 | Elf:3    | Gained mutation: You are agile. (Dex +2) [potion of mutation]
 51395 | Crypt:1  | Entered Level 1 of the Crypt
 51711 | Crypt:1  | Identified the Almanac of Companions and Transformation
 51806 | Crypt:1  | Noticed Xtahua
 51812 | Crypt:1  | Killed Xtahua
 52239 | Crypt:2  | Reached XP level 26. HP: 199/199 MP: 40/41
 52807 | Crypt:3  | Entered Level 3 of the Crypt
 53192 | Crypt:3  | Noticed an ancient lich
 53192 | Crypt:3  | Noticed an ancient lich
 53192 | Crypt:3  | Noticed an ancient lich
 53206 | Crypt:3  | Killed an ancient lich
 53209 | Crypt:3  | Killed an ancient lich
 53213 | Crypt:3  | Killed an ancient lich
 53444 | Crypt:3  | Found a staircase to the Tomb.
 53674 | Tomb:1   | Entered Level 1 of the Tomb of the Ancients
 53769 | Tomb:1   | Reached skill level 22 in Unarmed Combat
 53970 | Tomb:1   | Noticed a greater mummy
 53972 | Tomb:1   | Noticed a greater mummy
 53987 | Tomb:1   | Killed a greater mummy
 53990 | Tomb:1   | Killed a greater mummy
 54368 | Tomb:1   | Lost mutation: One of your tentacles bears a spike. [the power of Zot]
 54647 | Tomb:2   | Noticed Mennas
 54651 | Tomb:2   | Noticed a greater mummy
 54651 | Tomb:2   | Noticed a greater mummy
 54652 | Tomb:2   | Noticed a greater mummy
 54656 | Tomb:2   | Noticed an ancient lich
 54656 | Tomb:2   | Killed Mennas
 54656 | Tomb:2   | Reached XP level 27. HP: 207/207 MP: 35/41
 54663 | Tomb:2   | Killed a greater mummy
 54665 | Tomb:2   | Killed an ancient lich
 54668 | Tomb:2   | Killed a greater mummy
 54676 | Tomb:2   | HP: 11/269 [ancient champion/enchanted battleaxe (13)]
 54684 | Tomb:2   | Killed a greater mummy
 54684 | Tomb:2   | Reached skill level 15 in Spellcasting
 54692 | Tomb:2   | HP: 6/269 [guardian mummy (14)]
 54692 | Tomb:2   | HP: 1/269 [jiangshi[a mummy priest] (5)]
 55059 | Tomb:2   | Gained mutation: One of your tentacles bears a spike. [mutagenic glow]
 55377 | Tomb:3   | Entered Level 3 of the Tomb of the Ancients
 55390 | Tomb:3   | Noticed a greater mummy
 55401 | Tomb:3   | Noticed a greater mummy
 55437 | Tomb:3   | Killed a greater mummy
 55442 | Tomb:3   | Noticed a greater mummy
 55456 | Tomb:3   | HP: 11/271 [greater mummy/divine providence (12)]
 55462 | Tomb:3   | HP: 9/271 [revenant] (4)]
 55467 | Tomb:3   | HP: 10/271 [mummy priest/divine providence (15)]
 55469 | Tomb:3   | Killed from afar by a greater mummy

Vault maps used:
D:1:      elethiomel_arrival_infinity_welcomes_careful_drivers,
          hangedman_decor_riveting
D:2:      tso_metal_star, gammafunk_temple_overflow_arena,
          gammafunk_temple_overflow_statue, grunt_gozag_breadcrumbs
D:3:      marbit_many_paths, lemuel_doored_altar, first_ration,
          dk_yredelemnul_ordeal, uniq_sigmund
D:4:      kb_forest_paths, grunt_temple_overflow_order_and_chaos_1,
          nicolae_overflow_crystal_walls, minmay_temple_entry_butterflies,
          nicolae_ossuary_entry_plus, kennysheep_generic_room_13
D:5:      old_standard_altar, uniq_eustachio
D:6:      uniq_menkaure
D:7:      lemuel_crystal_altar, dancing_weapons_uskayaw, grunt_ogre_cave
D:8:      okawaru_humans, uniq_joseph
D:9:      serial_shops, shop, uniq_prince_ribbit1
D:10:     basic_loot_grate_trap
D:11:     dpeg_lair_monsters, serial_shops, shop, minmay_misc_feat_pillars,
          minmay_variable_closet, uniq_josephine
D:12:     minmay_orc_entry_temple_small, uniq_nessos
D:13:     minmay_glassy_protrusions, david_vaults_2, enter_bailey_2,
          basic_altar, lab_entry_generic
D:14:     minmay_imperfect_grid, serial_bayou_pond_c
D:15:     grunt_enter_depths_snipers, nrook_mini_vaults,
          nicolae_qazlal_style_of_elements, uniq_louise
Temple:   jpeg_temple_alley_garden
Lair:2:   minmay_swamp_entry_wisps, beast_lair_carwin_2
Lair:3:   guppyfry_snake_entry_island, minivault_27
Lair:4:   portal_ice_cave_entry_ice_beasts, serial_bayou_shore_b
Lair:5:   wad_woods_minihive, minmay_slime_entry_pillars, st_stairs_7,
          minmay_hedge_maze, minmay_lair_oklob_chamber
Lair:6:   evilmike_catoblepas_cave
Swamp:1:  cheibrodos_swamp_tower_of_moss, infiniplex_staircase_pool
Swamp:2:  gammafunk_its_a_trap, evilmike_swamp_ruin_house_1, swamp_pool2
Swamp:3:  hangedman_swamp_ruin_wall, swamp_pool2, ldierk_geyser,
          nicolae_swamp_godswood
Swamp:4:  swamp_basic_johnstein, swamp_pool1
Snake:1:  serial_bayou_pond_b
Snake:2:  uniq_nikola
Snake:3:  minmay_shop_grid_forest, basic_stair_grate_trap, lemuel_fruit_tree,
          uniq_donald, uniq_aizul
Snake:4:  snake_pit, serial_shops, shop_scrolls
Orc:2:    grunt_orc_tribal_feast, basic_altar, nicolae_orc_lava_room
Elf:1:    eino_elf_arrival_shootout, hangedman_elf_disciples,
          serial_sigils_hangedman_scratch
Elf:2:    serial_shops, shop, nicolae_elf_stone_circles, minmay_misc_feat_alley
Elf:3:    grunt_elf_hall_diamonds, serial_shops, shop
Vaults:1: ontoclasm_vaults_pinch, v_pattern_2, nicolae_vaults_c_with_doors,
          vaults_room_door_ring, v_misc_30, ontoclasm_vaults_hangar,
          grunt_vaults_funnel, vaults_room_corners, v_misc_12,
          vaults_room_corners, vaults_dpeg_diagonal
Vaults:2: nicolae_vaults_big_ls, vaults_room_large_hall, vaults_dpeg_hooks,
          nicolae_vaults_alarming, ontoclasm_vaults_ligature, vaults_dpeg_doors,
          st_cells, nicolae_vaults_sealed_display,
          nicolae_vaults_ring_of_whatevers, vaults_room_grid,
          hangedman_vaults_nails, ontoclasm_vaults_decontamination,
          hangedman_vaults_capsules, v_misc_3, nicolae_vaults_little_squares_4,
          serial_shops, nicolae_shop_overgrown_old_shop, shop, shop_statue, shop
Vaults:3: v_rooms_4, nicolae_vaults_network_quincunx,
          minmay_crypt_entry_simple_box, nicolae_vaults_little_squares_5,
          grunt_vaults_hallway_short, vaults_mumra_minichess_inversion,
          vaults_dpeg_ring, serial_shops, shop, uniq_margery
Vaults:4: grunt_vaults_hallway_short, nicolae_vaults_little_squares_3,
          vaults_room_fancy_cross, v_alt_pattern_3,
          nicolae_vaults_ring_of_whatevers, v_alt_pattern_3, v_misc_31,
          nicolae_vaults_angled_halls, v_misc_26,
          hangedman_vaults_stretched_pinwheel, nicolae_vaults_little_squares_1,
          ontoclasm_vaults_spin, serial_shops, shop
Crypt:1:  uniq_xtahua
Crypt:2:  hex_large
Crypt:3:  david_glass_crypt, tomb_entry_pyramid_bobbens
Tomb:2:   uniq_jory, uniq_mennas
Depths:1: interstate_on_off, hell_entry, serial_shops, shop_statue,
          nicolae_shop_temple_entry_statues_fountains, shop, kennysheep_mini,
          onia_ninara_cookie
Depths:2: grunt_double_whammy, hangedman_abyss_entry_splay, hell_entry,
          minmay_tree_intersection, rand_demon_pan_entry_5,
          minmay_staircase_windowed_small
Depths:3: due_jory_tower, enter_ziggurat_e, pf_hell_entry_great_geh, pan_entry,
          firewood_loft, uniq_frederick, uniq_boris, uniq_sojobo
Depths:4: evilmike_diamond_1, abyss_entry_flame_altar, wad_floor_pattern_2,
          grunt_metal_band, wheals_unrand_guarded_autumn_katana
Depths:5: grunt_zot_entry_gee_three, hangedman_abyss_or_decor_lesser_grid,
          pan_entry, grunt_hell_entry_dis_grunt, lemuel_freeze_loot_1
Ossuary:  ossuary_minmay_tomb_2a
Bailey:   bailey_axe_minmay_hex_keep, bailey
IceCv:    ice_cave_statue_garden_teleport

Skill      XL: |  1  2  3  4  5  6  7  8  9 10 11 12 13 14 15 16 17 18 19 20 21 22 23 24 25 26 27 |
---------------+----------------------------------------------------------------------------------+-----
Transmutations | 3 4 5 6 7 8 9 11 12 13 | 13.9
Ice Magic      | 1 3 4 |  4.1
Unarmed Combat | 4 6 7 8 9 10 11 12 13 14 15 16 17 19 20 21 22 | 22.4
Invocations    | 2 4 6 7 9 10 11 12 | 12.0
Fighting       | 2 4 5 7 8 9 10 11 12 13 14 15 16 17 18 19 20 | 20.4
Dodging        | 4 6 7 8 10 11 12 13 14 15 16 17 18 19 20 | 20.2
Spellcasting   | 3 5 6 7 8 9 10 11 12 13 14 15 | 15.2
Air Magic      | 4 |  4.0
Stealth        | 4 6 |  6.0
Shields        | 1 6 10 12 14 15 16 17 18 19 | 19.1
Earth Magic    | 1 4 6 |  6.0

Action                   |  1- 3 |  4- 6 |  7- 9 | 10-12 | 13-15 | 16-18 | 19-21 | 22-24 | 25-27 || total
-------------------------+-------+-------+-------+-------+-------+-------+-------+-------+-------++-------
Melee: Unarmed           |    81 |   127 |   264 |   422 |  1029 |   756 |   761 |   713 |   663 ||  4816
       Tentacles         |    15 |    19 |    40 |    31 |    69 |   230 |   237 |   226 |   164 ||  1031
       Constrict         |    26 |    20 |    31 |    19 |    26 |    72 |   154 |    92 |   145 ||   585
       Kick              |     8 |     6 |       |       |       |       |       |       |   212 ||   226
       Punch             |     1 |     1 |     7 |     6 |    31 |   133 |   156 |   181 |   166 ||   682
 Fire: Arbalest          |       |       |       |       |       |    17 |       |       |       ||    17
 Cast: Beastly Appendage |     4 |     4 |       |       |       |       |       |       |       ||     8
       Spider Form       |       |     2 |       |       |       |       |       |       |       ||     2
       Ice Form          |       |     3 |    18 |    41 |    59 |     1 |       |       |       ||   122
       Ozocubu's Armour  |       |       |       |    27 |    38 |       |       |       |       ||    65
       Summon Ice Beast  |       |       |       |       |    23 |       |       |       |       ||    23
       Airstrike         |       |       |       |       |    23 |     8 |    16 |     8 |       ||    55
       Statue Form       |       |       |       |       |     1 |    70 |    91 |    56 |    66 ||   284
       Blade Hands       |       |       |       |       |     1 |       |       |       |       ||     1
       Irradiate         |       |       |       |       |       |       |       |     5 |     3 ||     8
Invok: Bend Time         |       |       |       |       |     3 |     1 |       |     1 |       ||     5
       Step From Time    |       |       |       |       |     1 |       |       |       |     4 ||     5
       Slouch            |       |       |       |       |     1 |       |       |       |     4 ||     5
 Abil: End Transformatio |       |     1 |       |       |     1 |       |       |       |       ||     2
Evoke: Wand              |       |       |       |       |     1 |       |       |       |     3 ||     4
  Use: Scroll            |       |     3 |    10 |     7 |    15 |     9 |    15 |     7 |    16 ||    82
       Potion            |       |     5 |     6 |     8 |     7 |     2 |       |       |    22 ||    50
 Stab: Sleeping          |     7 |       |     4 |     7 |    16 |     5 |    21 |     6 |     3 ||    69
       Distracted        |       |       |       |     2 |     5 |     1 |     2 |     2 |     1 ||    13
       Paralysed         |       |       |       |       |       |     1 |       |       |       ||     1
  Eat: Chunk             |     2 |     8 |    10 |    16 |    22 |    22 |    23 |    13 |    10 ||   126
       Ration            |       |       |     2 |       |       |     2 |     1 |       |     2 ||     7
Armor: Skin              |    14 |    38 |    52 |    64 |   137 |   272 |   107 |   122 |   115 ||   921
Dodge: Dodged            |    55 |   128 |   196 |   395 |  1237 |  1344 |   589 |   815 |   875 ||  5634
Block: Other             |       |       |       |     6 |    20 |    25 |       |       |       ||    51
       Buckler           |       |       |       |       |       |   535 |       |       |       ||   535
       Shield            |       |       |       |       |       |   238 |   974 |  1193 |    77 ||  2482
       Large shield      |       |       |       |       |       |       |       |       |  1121 ||  1121

Table legend:
 A = Spawn XP
 B = Non-spawn XP
 C = Spawn XP percentage of total XP
 D = Spawn monster count
 E = Non-spawn monster count
 F = Spawn count percentage of total count
 G = Total turns spent on level
                    A         B        C        D         E        F      G
               +---------+---------+-------+---------+---------+-------+---------
         Total |       0 | 1345542 |   0.0 |       0 |    2264 |   0.0 | 55469
               +---------+---------+-------+---------+---------+-------+---------
           D:1 |       0 |      72 |   0.0 |       0 |      28 |   0.0 |  1322
           D:2 |       0 |     530 |   0.0 |       0 |      26 |   0.0 |  1504
           D:3 |       0 |     248 |   0.0 |       0 |      26 |   0.0 |   772
           D:4 |       0 |     639 |   0.0 |       0 |      21 |   0.0 |  1223
           D:5 |       0 |     797 |   0.0 |       0 |      25 |   0.0 |   723
           D:6 |       0 |     865 |   0.0 |       0 |      16 |   0.0 |   833
           D:7 |       0 |    1729 |   0.0 |       0 |      26 |   0.0 |   774
           D:8 |       0 |    3539 |   0.0 |       0 |      28 |   0.0 |  1261
           D:9 |       0 |    1120 |   0.0 |       0 |      10 |   0.0 |   399
          D:10 |       0 |    3052 |   0.0 |       0 |      15 |   0.0 |  1387
          D:11 |       0 |   12047 |   0.0 |       0 |      62 |   0.0 |  1826
          D:12 |       0 |    5473 |   0.0 |       0 |      32 |   0.0 |  1271
          D:13 |       0 |   13793 |   0.0 |       0 |      22 |   0.0 |  1186
          D:14 |       0 |   14208 |   0.0 |       0 |      49 |   0.0 |  1912
          D:15 |       0 |   14432 |   0.0 |       0 |      26 |   0.0 |  1187
        Lair:1 |       0 |    5174 |   0.0 |       0 |      22 |   0.0 |  1007
        Lair:2 |       0 |    2706 |   0.0 |       0 |      16 |   0.0 |  1135
        Lair:3 |       0 |    6913 |   0.0 |       0 |      30 |   0.0 |  1393
        Lair:4 |       0 |    5695 |   0.0 |       0 |      30 |   0.0 |  1119
        Lair:5 |       0 |   23079 |   0.0 |       0 |     107 |   0.0 |  2821
        Lair:6 |       0 |   19829 |   0.0 |       0 |      43 |   0.0 |  1660
       Swamp:1 |       0 |   16761 |   0.0 |       0 |      35 |   0.0 |   948
       Swamp:2 |       0 |   15281 |   0.0 |       0 |      28 |   0.0 |   971
       Swamp:3 |       0 |   11853 |   0.0 |       0 |      20 |   0.0 |   679
       Swamp:4 |       0 |   23813 |   0.0 |       0 |      44 |   0.0 |  1186
       Snake:1 |       0 |   20373 |   0.0 |       0 |      38 |   0.0 |   812
       Snake:2 |       0 |   20050 |   0.0 |       0 |      29 |   0.0 |   736
       Snake:3 |       0 |   23219 |   0.0 |       0 |      38 |   0.0 |   628
       Snake:4 |       0 |   45635 |   0.0 |       0 |      77 |   0.0 |  1163
         Orc:1 |       0 |    2838 |   0.0 |       0 |      24 |   0.0 |   673
         Orc:2 |       0 |    8608 |   0.0 |       0 |      32 |   0.0 |  1529
         Elf:1 |       0 |   32133 |   0.0 |       0 |      53 |   0.0 |  1154
         Elf:2 |       0 |   41001 |   0.0 |       0 |      59 |   0.0 |  1023
         Elf:3 |       0 |   55867 |   0.0 |       0 |      44 |   0.0 |   955
      Vaults:1 |       0 |   37067 |   0.0 |       0 |      70 |   0.0 |  1147
      Vaults:2 |       0 |   30965 |   0.0 |       0 |      70 |   0.0 |  1173
      Vaults:3 |       0 |   49587 |   0.0 |       0 |      72 |   0.0 |  1441
      Vaults:4 |       0 |   37937 |   0.0 |       0 |      46 |   0.0 |  1168
       Crypt:1 |       0 |   24479 |   0.0 |       0 |      37 |   0.0 |   662
       Crypt:2 |       0 |   39254 |   0.0 |       0 |      52 |   0.0 |   750
       Crypt:3 |       0 |   79862 |   0.0 |       0 |      65 |   0.0 |   867
        Tomb:1 |       0 |   53721 |   0.0 |       0 |      61 |   0.0 |   973
        Tomb:2 |       0 |   55151 |   0.0 |       0 |      48 |   0.0 |   730
        Tomb:3 |       0 |   35305 |   0.0 |       0 |      47 |   0.0 |    92
      Depths:1 |       0 |   71911 |   0.0 |       0 |      94 |   0.0 |   843
      Depths:2 |       0 |   61902 |   0.0 |       0 |      73 |   0.0 |  1150
      Depths:3 |       0 |   97258 |   0.0 |       0 |      94 |   0.0 |   930
      Depths:4 |       0 |  116236 |   0.0 |       0 |      87 |   0.0 |  1287
      Depths:5 |       0 |   94007 |   0.0 |       0 |      75 |   0.0 |   994
       Ossuary |       0 |     355 |   0.0 |       0 |      13 |   0.0 |   701
        Bailey |       0 |    4298 |   0.0 |       0 |      69 |   0.0 |   857
         IceCv |       0 |    2875 |   0.0 |       0 |      10 |   0.0 |   327
               +---------+---------+-------+---------+---------+-------+---------
